 Dungeon Crawl Stone Soup version 0.29.0-4-gdea44cf6ec (webtiles) character file.

Game seed: 13074923120956994292

26704 qw the Severer (level 13, -1/103 HPs)
             Began as a Demonspawn Cinder Acolyte on Sept 9, 2022.
             Was an Initiate of Ignis.
             Succumbed to a cane toad's poison
             ... on level 4 of the Lair of Beasts.
             The game lasted 00:05:20 (15746 turns).

qw the Severer (Demonspawn Cinder Acolyte)         Turns: 15746, Time: 00:05:21

Health: -1/103     AC: 19    Str: 19    XL:     13   Next: 0%
Magic:  6/14       EV:  9    Int: 16    God:    Ignis [......]
Gold:   699        SH: 10    Dex: 13    Spells: 14/14 levels left

rFire   + . .      SeeInvis .   s - +0 hand axe (flame)
rCold   + . .      Faith    .   k - +0 buckler
rNeg    . . .      Spirit   +   b - +1 chain mail of the Sneaky Knives {rC+ Dex+4 Stlth+}
rPois   .          Reflect  +   n - +0 helmet
rElec   .          Harm     .   (no cloak)
rCorr   .          Rampage  .   q - +0 pair of gloves
Will    +....                   f - +2 pair of boots
Stlth   ..........              c - amulet of reflection
HPRegen 0.27/turn               p - +4 ring of protection
MPRegen 0.28/turn               t - ring of willpower

@: lethally poisoned (-1 -> -10), corroded
A: ignite blood 2, magic shield, magic regeneration, sharp scales 2, weakness
stinger 2
a: Renounce Religion, Rising Flame


You were on level 4 of the Lair of Beasts.
You worshipped Ignis.
Ignis was noncommittal.
You visited 2 branches of the dungeon, and saw 13 of its levels.

You collected 881 gold pieces.
You spent 182 gold pieces at shops.


Innate Abilities, Weirdness & Mutations

Your demonic aura often causes spilled blood to erupt in flames.
When hurt, damage is shared between your health and your magic reserves.
You regenerate magic rapidly.
You are mostly covered in razor-sharp scales. (AC +2, Slay +2)
You have a tail ending in a sharp stinger.


   Skills:
 + Level 10.1 Fighting
 - Level 15.2 Axes
 - Level 7.1 Armour
 - Level 4.6 Dodging
 - Level 6.1 Shields
 - Level 1.0 Spellcasting
 - Level 2.6 Fire Magic


You had 14 spell levels left.
You didn't know any spells.
Your spell library contained the following spells:

 Spells                   Type           Power      Damage    Failure   Level
 Scorch                   Fire           18%        2d6       80%         2

Inventory:

Hand Weapons
 g - a +3 vorpal war axe
 s - a +0 hand axe of flaming (weapon)
Armour
 b - the +1 chain mail of the Sneaky Knives (worn) {rC+ Dex+4 Stlth+}
   (You found it on level 3 of the Dungeon)

   Dex:       It affects your dexterity (+4).
   rC:        It protects you from cold.
   Stlth:     It makes you more stealthy.
 f - a +2 pair of boots (worn)
 i - a +0 plate armour
 k - a +0 buckler (worn)
 n - a +0 helmet (worn)
 q - a +0 pair of gloves (worn)
Jewellery
 c - an amulet of reflection (around neck)
 p - a +4 ring of protection (left hand)
 t - a ring of willpower (right hand)
 Y - a ring of resist corrosion
Scrolls
 l - a scroll of identify
Potions
 d - a potion of mutation
 e - a potion of magic {unknown}
 h - a potion of might
 j - 8 potions of curing
 m - 4 potions of haste
 o - 3 potions of resistance
 r - a potion of invisibility {unknown}

Dungeon Overview and Level Annotations

Branches:
Dungeon (9/15)             Temple (0/1) D:4            Lair (4/5) D:9
 Shoals (0/4) Lair:3       Spider (0/4) Lair:3
  Slime: Lair:4-5       Orc: D:9-12

Altars:
Gozag
Nemelex Xobeh
Okawaru
Trog
Uskayaw
Yredelemnul
Jiyva

Shops:
D:2 :   D:4 !   D:5 (

Annotations:
D:5 1 runed translucent door, qw's ghost, amateur DsCA


Message History

The cane toad is lightly wounded.
You block the cane toad's attack.
The blink frog blinks!
You slash the cane toad!
The cane toad is moderately wounded.
The blink frog is engulfed in blazing flames.
The cane toad is engulfed in blazing flames.
The cane toad stings you but does no damage.
The blink frog blinks!
You hit the cane toad.
The cane toad is severely wounded.
You hit the blink frog. The blink frog misses you.
The cane toad is engulfed in blazing flames.
The cane toad stings you!
You are lethally poisoned!
The cane toad poisons you!
You slice the cane toad!!
You kill the cane toad!
You miss the blink frog.
You feel very sick.
The blink frog blinks!
A jelly comes into view.
You have reached level 13!
You barely miss the komodo dragon.
You tail-slap the komodo dragon, but do no damage.
You feel very sick. The komodo dragon barely misses you.
The blink frog blinks!
15744 ||| SWAPPING to +0 hand axe of flaming.
Your +0 hand axe of flaming bursts into flame!
s - a +0 hand axe of flaming (weapon)
You feel sick.
You hit the komodo dragon. You burn the komodo dragon.
You tail-slap the komodo dragon.
The komodo dragon is lightly wounded.
You barely miss the blink frog.
You feel sick. You block the komodo dragon's attack.
You hit the komodo dragon but do no damage.
The komodo dragon is lightly wounded.
You hit the blink frog. You burn the blink frog.
You die...

........# ##
........##.
..........#####
...............
........F......
.....!.........
......l........
.....D.@F...F..
..J....%.......
.<.............
...........(...
<...P###.#.####
...## #### ...
..


You could see a six-headed hydra, a komodo dragon, 3 blink frogs and a jelly.

Vanquished Creatures
  5 hydras
  Harold (Lair:1)
  Erica (Lair:1)
  5 death yaks (D:9)
  A lindwurm (Lair:2)
  A manticore (Lair:3)
  3 black mambas
  2 rime drakes
  5 komodo dragons
  8 cane toads
  A troll (D:9)
  A wind drake (Lair:3)
  A hornet (Lair:2)
  4 dream sheep (Lair:3)
  3 blink frogs (Lair:1)
  3 culicivoras (Lair:3)
  20 yaks
  Grum (Lair:1)
  5 wyverns
  A steam dragon (Lair:3)
  3 basilisks
  Menkaure (D:7)
  11 water moccasins
  2 orc warriors
  An ice beast (D:8)
  A sky beast (D:7)
  2 black bears
  9 wolves (Lair:1)
  4 ogres
  4 centaurs
  2 phantoms (D:5)
  12 bullfrogs
  A kobold brigand (D:9)
  A gnoll sergeant (D:5)
  A necrophage (D:4)
  A scorpion (D:3)
  6 wights
  21 killer bees
  An electric eel (Lair:1)
  2 howler monkeys (D:9)
  A gnoll bouda (D:9)
  6 hounds
  12 jellies
  2 orc priests
  5 iguanas
  Jessica (D:2)
  Natasha (thrice) (D:2)
  6 orc wizards
  Robin (D:3)
  11 gnolls
  6 adders
  3 white imps
  3 ufetubi
  4 worms
  7 dart slugs
  26 orcs
  2 bats
  5 endoplasms
  4 giant cockroaches
  18 goblins
  9 hobgoblins
  3 jackals (D:3)
  4 quokkas
  3 ball pythons
  2 frilled lizards
  12 kobolds
  8 rats
325 creatures vanquished.

Vanquished Creatures (others)
  A ball python (D:4)
  12 fungi
  17 plants
30 creatures vanquished.

Grand Total: 355 creatures vanquished

Notes
Turn   | Place    | Note
-------+----------+-------------------------------------------
     0 | D:1      | qw the Demonspawn Cinder Acolyte began the quest for the
                  | Orb.
     0 | D:1      | Reached XP level 1. HP: 18/18 MP: 2/2
     0 | D:1      | 0 ||| qw: Version: 0.1-a-113-g051387a
     0 | D:1      | 0 ||| qw: Game counter: 7265
     0 | D:1      | 0 ||| qw: Always use a shield: true
     0 | D:1      | 0 ||| qw: God list: Okawaru
     0 | D:1      | 0 ||| qw: Allow faded altars: false
     0 | D:1      | 0 ||| qw: Do Orc after D:15 true
     0 | D:1      | 0 ||| qw: Do second Lair branch before Depths: true
     0 | D:1      | 0 ||| qw: Lair rune preference: random
     0 | D:1      | 0 ||| qw: Plans: Normal
     0 | D:1      | 0 ||| PLANNING D:1-11
   109 | D:1      | 109 ||| Stepping ~*~*~tactically~*~*~ (stealth).
   111 | D:1      | 111 ||| Stepping ~*~*~tactically~*~*~ (stealth).
   121 | D:1      | Reached skill level 3 in Axes
   454 | D:1      | Gained mutation: You are partially covered in razor-sharp
                  | scales. (AC +1, Slay +1) [demonic ancestry]
   454 | D:1      | Reached XP level 2. HP: 24/24 MP: 3/3
   914 | D:1      | Found a faded altar of an unknown god.
  1331 | D:1      | 1331 ||| UPGRADING to +2 pair of boots.
  1336 | D:1      | 1336 ||| READING 2 scrolls labelled GORHAU XUJOIQA.
  1341 | D:1      | 1341 ||| READING scroll labelled VEDUTI YKKUMIC.
  1342 | D:1      | 1342 ||| READING scroll labelled BEKUATUHAE.
  1343 | D:1      | 1343 ||| DRINKING 2 fizzy orange potions.
  1444 | D:1      | 1444 ||| DROPPING potion of ambrosia.
  1452 | D:2      | 1452 ||| Stepping ~*~*~tactically~*~*~ (hiding).
  1462 | D:2      | Gained mutation: You regenerate magic rapidly. [demonic
                  | ancestry]
  1462 | D:2      | Reached XP level 3. HP: 29/29 MP: 4/4
  1462 | D:2      | Noticed Jessica
  1463 | D:2      | 1463 ||| Stepping ~*~*~tactically~*~*~ (hiding).
  1467 | D:2      | 1467 ||| INVOKING Fiery Armour.
  1469 | D:2      | Killed Jessica
  1470 | D:2      | Reached skill level 4 in Axes
  1713 | D:2      | Found a basalt altar of Yredelemnul.
  1749 | D:2      | 1749 ||| SWAPPING to +0 hand axe of flaming.
  1750 | D:2      | 1750 ||| DROPPING -1 hand axe of flaming.
  1750 | D:2      | Noticed Natasha
  1751 | D:2      | 1751 ||| Stepping ~*~*~tactically~*~*~ (hiding).
  1752 | D:2      | 1752 ||| Stepping ~*~*~tactically~*~*~ (hiding).
  1764 | D:2      | Killed Natasha
  1765 | D:2      | Reached skill level 1 in Dodging
  1765 | D:2      | Gained mutation: You are mostly covered in razor-sharp
                  | scales. (AC +2, Slay +2) [demonic ancestry]
  1765 | D:2      | Reached XP level 4. HP: 29/35 MP: 5/5
  1854 | D:2      | Found Enaick's Book Boutique.
  2163 | D:2      | Noticed Natasha
  2170 | D:2      | Killed Natasha
  2211 | D:2      | Noticed Natasha
  2215 | D:2      | Killed Natasha
  2216 | D:2      | Reached skill level 5 in Axes
  2216 | D:2      | Gained mutation: Your demonic aura sometimes causes spilled
                  | blood to erupt in flames. [demonic ancestry]
  2216 | D:2      | Reached XP level 5. HP: 41/41 MP: 6/6
  2272 | D:2      | 2272 ||| UPGRADING to +0 robe of fire resistance.
  2282 | D:2      | 2282 ||| DROPPING +0 robe.
  2283 | D:2      | 2283 ||| UPGRADING to +0 ring mail.
  2293 | D:2      | 2293 ||| DROPPING +0 robe of fire resistance.
  2294 | D:2      | 2294 ||| UPGRADING to +0 plate armour.
  2304 | D:2      | 2304 ||| DROPPING +0 ring mail.
  2305 | D:2      | 2305 ||| READING scroll labelled IWNUXA FETO.
  2306 | D:2      | 2306 ||| READING scroll labelled UJUNNA GAEKEZA.
  2344 | D:3      | Found an iron altar of Okawaru.
  2348 | D:3      | Identified the +1 chain mail of the Sneaky Knives {rC+
                  | Dex+4 Stlth+}
  2396 | D:3      | Reached skill level 1 in Armour
  2928 | D:3      | Gained mutation: Your demonic aura often causes spilled
                  | blood to erupt in flames. [demonic ancestry]
  2928 | D:3      | Reached XP level 6. HP: 40/47 MP: 7/7
  3327 | D:3      | 3327 ||| Stepping ~*~*~tactically~*~*~ (stealth).
  3329 | D:3      | 3329 ||| Stepping ~*~*~tactically~*~*~ (hiding).
  3332 | D:3      | 3332 ||| Stepping ~*~*~tactically~*~*~ (hiding).
  3344 | D:3      | Noticed Robin
  3345 | D:3      | 3345 ||| Stepping ~*~*~tactically~*~*~ (hiding).
  3362 | D:3      | 3362 ||| Stepping ~*~*~tactically~*~*~ (hiding).
  3372 | D:3      | Killed Robin
  3422 | D:3      | 3422 ||| UPGRADING to +1 chain mail of the Sneaky Knives
                  | {rC+ Dex+4 Stlth+}.
  3432 | D:3      | 3432 ||| UPGRADING to +0 buckler.
  3437 | D:3      | 3437 ||| UPGRADING to +0 helmet.
  3442 | D:3      | 3442 ||| UPGRADING to amulet of reflection.
  3447 | D:3      | 3447 ||| READING scroll labelled ASOGGI VEFENUV.
  3448 | D:3      | 3448 ||| DRINKING 3 brown potions.
  3449 | D:3      | 3449 ||| READING 3 scrolls of identify.
  3449 | D:3      | 3449 ||| IDENTIFYING glowing sapphire potion
  3450 | D:3      | 3450 ||| READING 2 scrolls of identify.
  3450 | D:3      | 3450 ||| IDENTIFYING smoky green potion
  3515 | D:4      | Found Juynegg's Distillery.
  3560 | D:4      | 3560 ||| Stepping ~*~*~tactically~*~*~ (hiding).
  3621 | D:4      | Reached skill level 1 in Shields
  3809 | D:4      | 3809 ||| Stepping ~*~*~tactically~*~*~ (hiding).
  3931 | D:4      | 3931 ||| Stepping ~*~*~tactically~*~*~ (hiding).
  3933 | D:4      | 3933 ||| Stepping ~*~*~tactically~*~*~ (hiding).
  4059 | D:4      | 4059 ||| Stepping ~*~*~tactically~*~*~ (stealth).
  4060 | D:4      | 4060 ||| Stepping ~*~*~tactically~*~*~ (stealth).
  4065 | D:4      | 4065 ||| Stepping ~*~*~tactically~*~*~ (stealth).
  4079 | D:4      | 4079 ||| BUYING potion of curing (42 gold).
  4079 | D:4      | Bought a potion of curing for 42 gold pieces
  4079 | D:4      | 4079 ||| BUYING potion of haste (140 gold).
  4079 | D:4      | Bought a potion of haste for 140 gold pieces
  4079 | D:4      | 4079 ||| SHOPLISTING potion of haste (140 gold, have 20).
  4079 | D:4      | 4079 ||| SHOPLISTING potion of resistance (140 gold, have
                  | 20).
  4555 | D:4      | 4555 ||| INVOKING Fiery Armour.
  4571 | D:4      | Reached skill level 6 in Axes
  4573 | D:4      | Gained mutation: When hurt, damage is shared between your
                  | health and your magic reserves. [demonic ancestry]
  4573 | D:4      | Reached XP level 7. HP: 52/52 MP: 8/8
  4834 | D:4      | Found a staircase to the Ecumenical Temple.
  4862 | D:4      | 4862 ||| READING 3 scrolls of identify.
  4862 | D:4      | 4862 ||| IDENTIFYING puce potion
  4863 | D:4      | 4863 ||| READING 2 scrolls of identify.
  4863 | D:4      | 4863 ||| IDENTIFYING murky black potion
  4864 | D:4      | 4864 ||| DROPPING potion of attraction.
  4865 | D:4      | 4865 ||| DROPPING potion of degeneration.
  4880 | D:5      | Entered Level 5 of the Dungeon
  4945 | D:5      | 4945 ||| Stepping ~*~*~tactically~*~*~ (stealth).
  5108 | D:5      | 5108 ||| SWAPPING to +0 war axe.
  5245 | D:5      | 5245 ||| Stepping ~*~*~tactically~*~*~ (stealth).
  5253 | D:5      | 5253 ||| Stepping ~*~*~tactically~*~*~ (stealth).
  5255 | D:5      | 5255 ||| Stepping ~*~*~tactically~*~*~ (hiding).
  5265 | D:5      | 5265 ||| INVOKING Fiery Armour.
  5390 | D:5      | Found Boducol's Antique Weapon Shop.
  5447 | D:5      | Found a runed translucent door.
  5447 | D:5      | Noticed qw's ghost (amateur DsCA)
  5529 | D:5      | Noticed a yak
  5543 | D:5      | Killed a yak
  5544 | D:5      | Reached skill level 7 in Axes
  5558 | D:5      | Noticed a yak
  5559 | D:5      | Noticed a yak
  5569 | D:5      | Killed a yak
  5570 | D:5      | Gained mutation: You have a small tail. [demonic ancestry]
  5570 | D:5      | Reached XP level 8. HP: 53/60 MP: 7/9
  5574 | D:5      | Reached skill level 8 in Axes
  5666 | D:5      | Reached skill level 3 in Armour
  5686 | D:5      | 5686 ||| INVOKING Fiery Armour.
  5699 | D:5      | Reached skill level 9 in Axes
  5906 | D:5      | 5906 ||| Stepping ~*~*~tactically~*~*~ (stealth).
  5908 | D:5      | 5908 ||| Stepping ~*~*~tactically~*~*~ (stealth).
  6035 | D:5      | 6035 ||| Stepping ~*~*~tactically~*~*~ (hiding).
  6315 | D:5      | 6315 ||| UPGRADING to +4 ring of protection.
  6316 | D:5      | 6316 ||| DROPPING ring of magical power.
  6317 | D:5      | 6317 ||| READING scroll labelled ANEICUD DEPS.
  6318 | D:5      | 6318 ||| READING 3 scrolls labelled LAUNAPP PIORO.
  6319 | D:5      | 6319 ||| READING scroll labelled WASOUNTISI.
  6320 | D:5      | 6320 ||| DRINKING 4 grey potions.
  6349 | D:5      | 6349 ||| DROPPING 3 potions of lignification.
  6350 | D:5      | 6350 ||| DROPPING 2 scrolls of amnesia.
  6458 | D:5      | Reached XP level 9. HP: 68/68 MP: 10/10
  6571 | D:6      | 6571 ||| Stepping ~*~*~tactically~*~*~ (hiding).
  6576 | D:6      | Reached skill level 3 in Shields
  6782 | D:6      | Reached skill level 6 in Fighting
  7269 | D:6      | 7269 ||| Stepping ~*~*~tactically~*~*~ (hiding).
  7284 | D:6      | 7284 ||| FLEEEEING.
  7287 | D:6      | 7287 ||| FLEEEEING.
  7288 | D:6      | 7288 ||| FLEEEEING.
  7289 | D:6      | 7289 ||| FLEEEEING.
  7298 | D:6      | 7298 ||| FLEEEEING.
  7299 | D:6      | 7299 ||| FLEEEEING.
  7304 | D:6      | 7304 ||| FLEEEEING.
  7305 | D:6      | 7305 ||| FLEEEEING.
  7306 | D:6      | 7306 ||| FLEEEEING.
  7311 | D:6      | 7311 ||| FLEEEEING.
  7324 | D:6      | 7324 ||| FLEEEEING.
  7325 | D:6      | 7325 ||| FLEEEEING.
  7326 | D:6      | 7326 ||| FLEEEEING.
  7440 | D:6      | 7440 ||| Invisible monster not found???
  7618 | D:6      | 7618 ||| DROPPING ring of wizardry.
  7619 | D:6      | 7619 ||| READING scroll labelled EXUMYHIKHLE.
  7620 | D:6      | 7620 ||| READING 2 scrolls of identify.
  7620 | D:6      | 7620 ||| IDENTIFYING red potion
  7621 | D:6      | 7621 ||| DROPPING potion of brilliance.
  7669 | D:7      | 7669 ||| STAIRDANCE
  7732 | D:7      | Reached skill level 10 in Axes
  7929 | D:7      | Found a sparkling altar of Nemelex Xobeh.
  8073 | D:7      | Noticed Menkaure
  8074 | D:7      | 8074 ||| FLEEEEING.
  8086 | D:7      | 8086 ||| FLEEEEING.
  8094 | D:7      | 8094 ||| STAIRDANCE
  8214 | D:7      | 8214 ||| Stepping ~*~*~tactically~*~*~ (hiding).
  8222 | D:7      | Killed Menkaure
  8329 | D:7      | 8329 ||| Stepping ~*~*~tactically~*~*~ (stealth).
  8384 | D:7      | Noticed a moth of wrath
  8387 | D:7      | Found a bloodstained altar of Trog.
  8442 | D:7      | 8442 ||| Stepping ~*~*~tactically~*~*~ (stealth).
  8443 | D:7      | 8443 ||| Stepping ~*~*~tactically~*~*~ (stealth).
  8730 | D:7      | Found an opulent altar of Gozag.
  8740 | D:7      | 8740 ||| READING scroll of enchant weapon.
  8740 | D:7      | 8740 ||| ENCHANTING +1 vorpal war axe.
  8741 | D:7      | 8741 ||| UPGRADING to ring of resist corrosion.
  8904 | D:8      | 8904 ||| INVOKING Fiery Armour.
  9048 | D:8      | Gained mutation: You have a tail ending in a sharp stinger.
                  | [demonic ancestry]
  9048 | D:8      | Reached XP level 10. HP: 76/78 MP: 11/11
  9488 | D:8      | 9488 ||| Stepping ~*~*~tactically~*~*~ (stealth).
  9509 | D:8      | 9509 ||| Stepping ~*~*~tactically~*~*~ (stealth).
  9515 | D:8      | 9515 ||| INVOKING Fiery Armour.
  9519 | D:8      | Reached skill level 11 in Axes
  9705 | D:8      | 9705 ||| READING scroll labelled DIAXAB YSKU.
  9769 | D:9      | Noticed a death yak
  9769 | D:9      | Noticed a death yak
  9770 | D:9      | 9770 ||| INVOKING Fiery Armour.
  9773 | D:9      | Noticed a death yak
  9777 | D:9      | Noticed a death yak
  9781 | D:9      | Noticed a death yak
  9783 | D:9      | Killed a death yak
  9783 | D:9      | Killed a death yak
  9784 | D:9      | Reached skill level 9 in Fighting
  9789 | D:9      | Killed a death yak
  9789 | D:9      | Killed a death yak
  9791 | D:9      | Killed a death yak
  9792 | D:9      | Reached skill level 12 in Axes
  9962 | D:9      | Found a staircase to the Lair.
  9977 | D:9      | 9977 ||| READING scroll of enchant weapon.
  9977 | D:9      | 9977 ||| ENCHANTING +2 vorpal war axe.
 10123 | D:9      | 10123 ||| INVOKING Fiery Armour.
 10127 | D:9      | Reached XP level 11. HP: 89/89 MP: 12/12
 10207 | D:9      | Reached skill level 3 in Dodging
 10347 | D:9      | Found a hide-covered altar of Uskayaw.
 10400 | D:9      | 10400 ||| Stepping ~*~*~tactically~*~*~ (hiding).
 10488 | D:9      | 10488 ||| Stepping ~*~*~tactically~*~*~ (stealth).
 10525 | D:9      | 10525 ||| PLANNING LAIR
 10525 | D:9      | 10525 ||| READING scroll labelled JYKHUAS DEKLE.
 10526 | D:9      | 10526 ||| READING 2 scrolls of identify.
 10526 | D:9      | 10526 ||| IDENTIFYING cyan potion
 10527 | D:9      | 10527 ||| READING 3 scrolls of teleportation.
 10551 | Lair:1   | Entered Level 1 of the Lair of Beasts
 10551 | Lair:1   | Noticed Harold
 10559 | Lair:1   | Killed Harold
 10619 | Lair:1   | Noticed Grum
 10620 | Lair:1   | 10620 ||| INVOKING Fiery Armour.
 10673 | Lair:1   | Killed Grum
 10720 | Lair:1   | 10720 ||| Stepping ~*~*~tactically~*~*~ (stealth).
 10745 | Lair:1   | 10745 ||| INVOKING Fiery Armour.
 10813 | Lair:1   | Noticed Erica
 10822 | Lair:1   | Killed Erica
 10823 | Lair:1   | Reached skill level 13 in Axes
 11208 | Lair:1   | 11208 ||| Stepping ~*~*~tactically~*~*~ (stealth).
 11220 | Lair:1   | 11220 ||| Stepping ~*~*~tactically~*~*~ (stealth).
 11320 | Lair:1   | 11320 ||| DRINKING potion of cancellation.
 11777 | Lair:1   | 11777 ||| UPGRADING to +0 pair of gloves.
 11846 | Lair:2   | Reached skill level 6 in Armour
 11901 | Lair:2   | 11901 ||| INVOKING Fiery Armour.
 12457 | Lair:2   | Reached XP level 12. HP: 93/95 MP: 13/13
 12548 | Lair:2   | Found a dark tunnel.
 12574 | Lair:2   | Reached skill level 14 in Axes
 12630 | Lair:2   | Paralysed by a hornet for 2 turns
 12836 | Lair:2   | 12836 ||| Stepping ~*~*~tactically~*~*~ (stealth).
 12837 | Lair:2   | 12837 ||| Stepping ~*~*~tactically~*~*~ (stealth).
 12839 | Lair:2   | 12839 ||| Stepping ~*~*~tactically~*~*~ (stealth).
 12859 | Lair:2   | 12859 ||| Stepping ~*~*~tactically~*~*~ (stealth).
 12861 | Lair:2   | 12861 ||| Stepping ~*~*~tactically~*~*~ (stealth).
 12874 | Lair:2   | 12874 ||| FLEEEEING.
 13198 | Lair:3   | Found a hole to the Spider Nest.
 13209 | Lair:3   | Noticed an eight-headed hydra
 13210 | Lair:3   | 13210 ||| INVOKING Fiery Armour.
 13213 | Lair:3   | 13213 ||| SWAPPING to +0 hand axe of flaming.
 13219 | Lair:3   | Killed a four-headed hydra
 13220 | Lair:3   | 13220 ||| SWAPPING to +3 vorpal war axe.
 13455 | Lair:3   | 13455 ||| Stepping ~*~*~tactically~*~*~ (hiding).
 13509 | Lair:3   | Found a staircase to the Shoals.
 13510 | Lair:3   | 13510 ||| Stepping ~*~*~tactically~*~*~ (hiding).
 13511 | Lair:3   | 13511 ||| Stepping ~*~*~tactically~*~*~ (hiding).
 13661 | Lair:3   | 13661 ||| FLEEEEING.
 13666 | Lair:3   | 13666 ||| STAIRDANCE
 13734 | Lair:3   | Noticed a five-headed hydra
 13735 | Lair:3   | 13735 ||| INVOKING Fiery Armour.
 13738 | Lair:3   | 13738 ||| SWAPPING to +0 hand axe of flaming.
 13745 | Lair:3   | Killed a one-headed hydra
 13746 | Lair:3   | 13746 ||| SWAPPING to +3 vorpal war axe.
 13789 | Lair:3   | 13789 ||| PLANNING CONVERSION TO OKAWARU
 13789 | Lair:3   | Noticed a seven-headed hydra
 13791 | Lair:3   | 13791 ||| SWAPPING to +0 hand axe of flaming.
 13799 | Lair:3   | Killed a three-headed hydra
 13800 | Lair:3   | 13800 ||| SWAPPING to +3 vorpal war axe.
 13833 | Lair:3   | 13833 ||| Stepping ~*~*~tactically~*~*~ (stealth).
 13837 | Lair:3   | 13837 ||| Stepping ~*~*~tactically~*~*~ (stealth).
 13839 | Lair:3   | 13839 ||| Stepping ~*~*~tactically~*~*~ (stealth).
 13841 | Lair:3   | 13841 ||| Stepping ~*~*~tactically~*~*~ (stealth).
 13844 | Lair:3   | 13844 ||| Stepping ~*~*~tactically~*~*~ (stealth).
 14100 | D:3      | 14100 ||| PLANNING D:1-11
 14100 | D:3      | 14100 ||| READING scroll labelled OZIRAS LEOM.
 14112 | D:2      | 14112 ||| PLANNING LAIR
 14575 | Lair:3   | 14575 ||| Stepping ~*~*~tactically~*~*~ (hiding).
 14604 | Lair:3   | 14604 ||| Stepping ~*~*~tactically~*~*~ (stealth).
 14644 | Lair:3   | 14644 ||| Stepping ~*~*~tactically~*~*~ (stealth).
 14647 | Lair:3   | 14647 ||| Stepping ~*~*~tactically~*~*~ (stealth).
 14648 | Lair:3   | 14648 ||| Stepping ~*~*~tactically~*~*~ (stealth).
 14676 | Lair:3   | 14676 ||| Stepping ~*~*~tactically~*~*~ (stealth).
 14677 | Lair:3   | 14677 ||| Stepping ~*~*~tactically~*~*~ (stealth).
 15058 | Lair:3   | 15058 ||| UPGRADING to ring of willpower.
 15092 | Lair:4   | 15092 ||| STAIRDANCE
 15097 | Lair:4   | Noticed a five-headed hydra
 15098 | Lair:4   | 15098 ||| STAIRDANCE
 15160 | Lair:4   | 15160 ||| SWAPPING to +0 hand axe of flaming.
 15164 | Lair:4   | Killed a one-headed hydra
 15165 | Lair:4   | 15165 ||| SWAPPING to +3 vorpal war axe.
 15168 | Lair:4   | Reached skill level 15 in Axes
 15168 | Lair:4   | 15168 ||| STAIRDANCE
 15369 | Lair:4   | Found a viscous altar of Jiyva.
 15369 | Lair:4   | Noticed an eight-headed hydra
 15370 | Lair:4   | 15370 ||| Stepping ~*~*~tactically~*~*~ (stealth).
 15375 | Lair:4   | 15375 ||| SWAPPING to +0 hand axe of flaming.
 15378 | Lair:4   | Killed a five-headed hydra
 15379 | Lair:4   | Reached skill level 6 in Shields
 15379 | Lair:4   | 15379 ||| SWAPPING to +3 vorpal war axe.
 15386 | Lair:4   | 15386 ||| FLEEEEING.
 15387 | Lair:4   | 15387 ||| FLEEEEING.
 15388 | Lair:4   | 15388 ||| FLEEEEING.
 15393 | Lair:4   | 15393 ||| FLEEEEING.
 15394 | Lair:4   | 15394 ||| FLEEEEING.
 15395 | Lair:4   | 15395 ||| FLEEEEING.
 15396 | Lair:4   | 15396 ||| FLEEEEING.
 15415 | Lair:4   | 15415 ||| FLEEEEING.
 15416 | Lair:4   | 15416 ||| FLEEEEING.
 15417 | Lair:4   | 15417 ||| FLEEEEING.
 15419 | Lair:4   | 15419 ||| STAIRDANCE
 15602 | Lair:4   | Noticed a boulder beetle
 15637 | Lair:4   | HP: 7/97 [boulder beetle (36)]
 15638 | Lair:4   | 15638 ||| READING 2 scrolls of teleportation.
 15730 | Lair:4   | HP: 15/97 [boulder beetle (16)]
 15731 | Lair:4   | 15731 ||| READING scroll of teleportation.
 15736 | Lair:4   | HP: 15/97 [acid (1)]
 15738 | Lair:4   | Noticed a six-headed hydra
 15741 | Lair:4   | HP: 10/97 [cane toad (6)]
 15743 | Lair:4   | Reached XP level 13. HP: 7/103 MP: 5/14
 15743 | Lair:4   | HP: 4/103 [poisoned by a cane toad]
 15744 | Lair:4   | 15744 ||| SWAPPING to +0 hand axe of flaming.
 15745 | Lair:4   | HP: 1/103 [poisoned by a cane toad]
 15746 | Lair:4   | Succumbed to a cane toad's poison

Levels and vault maps discovered:
D:1:      kilobyte_arrival_exit_the_forest, layout_basic, basic_ecumenical_altar
D:2:      layout_rooms, serial_shops, nicolae_shop_trees, basic_altar,
          serial_bayou_crossing, uniq_jessica, uniq_natasha
D:3:      layout_basic, okawaru_metal_pillars_1_2, st_stairs_6, uniq_robin
D:4:      layout_loops_ring, nicolae_overflow_hidden_temple,
          lemuel_temple_firewalk_b, serial_shops, shop_statue
D:5:      layout_cave_pods, ebering_ghost_inner_flame, serial_shops,
          nicolae_shop_overgrown_old_shop, minmay_divided_ellipse
D:6:      layout_loops_ring, roderic_lattice_a
D:7:      layout_basic, tgw_trog, grunt_temple_overflow_open,
          lemuel_coloured_pillars_altar, serial_corexii_hall,
          corexii_hall_statues_i, chequers_hall_statues_wall_a, uniq_menkaure
D:8:      layout_cave_pods
D:9:      layout_roguey, nicolae_uskayaw_murder_on_the_dancefloor,
          dpeg_lair_monsters
Lair:1:   layout_gridlike, grunt_megastairs_3, serial_bayou_shore_a,
          lemuel_fruit_tree, lemuel_fruit_fields, infiniplex_staircase_pool_2,
          uniq_grum, uniq_erica, uniq_harold
Lair:2:   layout_cave_pods, nicolae_volcano_entry_vermiform, st_stairs_3,
          chequers_serial_rivers_micro_c, fungi_pond_lemuel
Lair:3:   layout_gridlike, minmay_shoals_entry_beasts,
          hellmonk_spider_entry_life_and_decay
Lair:4:   layout_big_grid, minmay_slime_entry_jelly_boxes

Skill      XL: |  1  2  3  4  5  6  7  8  9 10 11 12 |
---------------+-------------------------------------+-----
Axes           | 3 4 5 6 7 9 10 12 13 15 | 15.2
Dodging        | 1 2 3 4 |  4.6
Armour         | 2 3 4 6 7 |  7.1
Shields        | 2 3 4 5 6 |  6.1
Fighting       | 4 5 7 9 10 | 10.1
Spellcasting   | |  1.0
Fire Magic     | |  2.6

Action                   |  1- 3 |  4- 6 |  7- 9 | 10-12 | 13-15 || total
-------------------------+-------+-------+-------+-------+-------++-------
Melee: Hand axe          |    84 |   166 |    17 |    25 |     2 ||   294
       Punch             |     2 |     1 |       |       |       ||     3
       War axe           |       |       |   224 |   364 |     1 ||   589
       Tailslap          |       |       |    29 |    56 |     2 ||    87
Invok: Fiery Armour      |     1 |     1 |     3 |     8 |       ||    13
  Use: Scroll            |     3 |     5 |     8 |     8 |       ||    24
       Potion            |     1 |     1 |     1 |     1 |       ||     4
Armor: Robe              |    25 |     5 |       |       |       ||    30
       Plate armour      |       |    53 |       |       |       ||    53
       Chain mail        |       |    21 |   119 |   188 |       ||   328
Dodge: Dodged            |    46 |    25 |    47 |    97 |     1 ||   216
Block: Buckler           |       |    16 |    82 |   170 |     1 ||   269
       Reflection        |       |     5 |     1 |     1 |       ||     7

Table legend:
 A = Non-vault XP
 B = Vault XP
 C = Vault XP percentage of total XP
 D = Non-vault monster count
 E = Vault monster count
 F = Vault count percentage of total count
                 A         B        C        D         E       F
            +---------+---------+-------+---------+---------+-------
      Total |   27409 |   10740 |  28.2 |     258 |      67 |  20.6
            +---------+---------+-------+---------+---------+-------
        D:1 |      36 |       0 |   0.0 |      20 |       0 |   0.0
        D:2 |      99 |      73 |  42.4 |      11 |       2 |  15.4
        D:3 |     201 |      53 |  20.9 |      20 |      16 |  44.4
        D:4 |     292 |       0 |   0.0 |      21 |       0 |   0.0
        D:5 |    1225 |     827 |  40.3 |      32 |      13 |  28.9
        D:6 |    1112 |       0 |   0.0 |      17 |       0 |   0.0
        D:7 |     984 |     178 |  15.3 |      12 |       6 |  33.3
        D:8 |    1360 |       0 |   0.0 |      19 |       0 |   0.0
        D:9 |    1659 |    4025 |  70.8 |      32 |       5 |  13.5
     Lair:1 |    3567 |    2786 |  43.9 |      19 |       8 |  29.6
     Lair:2 |    5037 |     839 |  14.3 |      17 |       2 |  10.5
     Lair:3 |    8009 |    1532 |  16.1 |      26 |       5 |  16.1
     Lair:4 |    3828 |     427 |  10.0 |      12 |      10 |  45.5
            +---------+---------+-------+---------+---------+-------
